ESL (28 & UNDER)
SPRINGFIELD SIMPSONS @ READING RAINBOWS
05/25/2025
 
TOP OF THE 1ST
Springfield Simpsons batting - Pitching for Reading Rainbows : LHP Tomás López
Pitching: LHP Tomás López
Batting: RHB António López 0-0: Ball
1-0: Ball
2-0: Called Strike
2-1: Fly out, F8 (Popup, 4MD)
Batting: RHB Tomás Galindo 0-0: Ground out 2-3 (Groundball, 2L)
Batting: RHB Ángel Garza 0-0: Ball
1-0: Foul Ball, location: 2F
1-1: Ball
2-1: Swinging Strike
2-2: Foul Ball, location: 2F
2-2: Foul Ball, location: 2F
2-2: Foul Ball, location: 2F
2-2: Foul Ball, location: 2F
2-2: Strikes out swinging
Top of the 1st over - 0 run(s), 0 hit(s), 0 error(s), 0 left on base; Springfield 0 - Reading 0
BOTTOM OF THE 1ST
Reading Rainbows batting - Pitching for Springfield Simpsons : RHP Don Wiggins
Pitching: RHP Don Wiggins
Batting: LHB Alfonso Ruíz 0-0: Foul Ball, location: 2F
0-1: Fly out, F7 (Flyball, 78M)
Batting: RHB Wyatt McKinnon 0-0: Ball
1-0: Swinging Strike
1-1: Called Strike
1-2: Ground out 4-3 (Groundball, 4)
Batting: LHB Eduardo Rodríguez 0-0: Ground out 4-3 (Groundball, 34)
Bottom of the 1st over - 0 run(s), 0 hit(s), 0 error(s), 0 left on base; Springfield 0 - Reading 0
TOP OF THE 2ND
Springfield Simpsons batting - Pitching for Reading Rainbows : LHP Tomás López
Batting: RHB Brant Sherman 0-0: Ball
1-0: Ball
2-0: Called Strike
2-1: Ball
3-1: Swinging Strike
3-2: Base on Balls
Batting: RHB Marcos Castillo 0-0: Ball
1-0: SINGLE (Line Drive, 34D)
Brant Sherman to second
Batting: RHB Esteban Salas 0-0: Ball
1-0: Ball
2-0: Foul Ball, location: 2F
2-1: Foul Ball, location: 2F
2-2: Strikes out looking
Batting: RHB Manny Ramírez 0-0: Swinging Strike
0-1: Ball
1-1: Ball
2-1: Called Strike
2-2: Ball
3-2: Fly out, F6 (Popup, 56D)
Batting: SHB Edgardo Osorio 0-0: Ball
1-0: Ball
2-0: Foul Ball, location: 2F
2-1: SINGLE (Line Drive, 8LS)
Brant Sherman to third
Marcos Castillo to second
Runner from 3rd tries for Home, SAFE, no throw or cutoff
Batting: RHB Jeff Lloyd 0-0: Ball
1-0: Called Strike
1-1: Foul Ball, location: 2F
1-2: Strikes out looking
Top of the 2nd over - 1 run(s), 2 hit(s), 0 error(s), 2 left on base; Springfield 1 - Reading 0
BOTTOM OF THE 2ND
Reading Rainbows batting - Pitching for Springfield Simpsons : RHP Don Wiggins
Batting: LHB Mason Mabbett 0-0: SINGLE (Line Drive, 4)
Batting: RHB Salvador Correa 0-0: Ball
1-0: Swinging Strike
1-1: Ground out 3-1 (Groundball, 34S)
Mason Mabbett to second
Batting: LHB Miguel Colón 0-0: Called Strike
0-1: Ground out 1-3 (Groundball, 15)
Batting: LHB Richard Henry 0-0: Foul Ball, location: 2F
0-1: Swinging Strike
0-2: Foul Ball, location: 2F
0-2: Ground out U3 (Groundball, 3)
Bottom of the 2nd over - 0 run(s), 1 hit(s), 0 error(s), 1 left on base; Springfield 1 - Reading 0
TOP OF THE 3RD
Springfield Simpsons batting - Pitching for Reading Rainbows : LHP Tomás López
Batting: RHB António López 0-0: Ball
1-0: Ball
2-0: Ball
3-0: Called Strike
3-1: Fly out, F8 (Flyball, 8LM)
Batting: RHB Tomás Galindo 0-0: Ball
1-0: Foul Ball, location: 2F
1-1: Ball
2-1: Ground out 6-3 (Groundball, 6)
Batting: RHB Ángel Garza 0-0: SINGLE (Line Drive, 8LS)
Batting: RHB Brant Sherman 0-0: Ball
1-0: Called Strike
Ángel Garza steals 2nd base
1-1: Ball
2-1: Swinging Strike
2-2: Foul Ball, location: 2F
2-2: Fly out, F5 (Line Drive, 56S)
Top of the 3rd over - 0 run(s), 1 hit(s), 0 error(s), 1 left on base; Springfield 1 - Reading 0
BOTTOM OF THE 3RD
Reading Rainbows batting - Pitching for Springfield Simpsons : RHP Don Wiggins
Batting: LHB Shane Lynch 0-0: Bunt missed!
0-1: Ball
1-1: Ball
2-1: Ground out 1-3 (Groundball, 13S)
Batting: LHB Wally Coker 0-0: Fly out, F9 (Flyball, 89XD)
Batting: LHB Alfonso Ruíz 0-0: Ball
1-0: Fly out, F2 (Popup, 23)
Bottom of the 3rd over - 0 run(s), 0 hit(s), 0 error(s), 0 left on base; Springfield 1 - Reading 0
TOP OF THE 4TH
Springfield Simpsons batting - Pitching for Reading Rainbows : LHP Tomás López
Batting: RHB Marcos Castillo 0-0: Ball
1-0: Swinging Strike
1-1: Ball
2-1: Called Strike
2-2: Ball
3-2: SINGLE (Groundball, 5L)
Batting: RHB Esteban Salas 0-0: Ball
1-0: Called Strike
1-1: DOUBLE (Line Drive, 7LM)
Marcos Castillo to third
Batting: RHB Manny Ramírez 0-0: Called Strike
0-1: Ball
1-1: Ball
2-1: Foul Ball, location: 2F
2-2: Ball
3-2: Strikes out swinging
Batting: SHB Edgardo Osorio 0-0: Ball
1-0: Foul Ball, location: 2F
1-1: Ball
2-1: Foul Ball, location: 2F
2-2: Strikes out swinging
Batting: RHB Jeff Lloyd 0-0: Ball
1-0: Foul Ball, location: 2F
1-1: Ball
2-1: Ground out 6-3 (Groundball, 6)
Top of the 4th over - 0 run(s), 2 hit(s), 0 error(s), 2 left on base; Springfield 1 - Reading 0
BOTTOM OF THE 4TH
Reading Rainbows batting - Pitching for Springfield Simpsons : RHP Don Wiggins
Batting: RHB Wyatt McKinnon 0-0: Ball
1-0: SINGLE (Line Drive, 8RS)
Batting: LHB Eduardo Rodríguez 0-0: Ball
1-0: Ball
2-0: Ball
3-0: Called Strike
3-1: Base on Balls
Wyatt McKinnon to second
Batting: LHB Mason Mabbett 0-0: Ball
1-0: Swinging Strike
1-1: Ball
2-1: Swinging Strike
2-2: Ball
3-2: Fly out, F4 (Line Drive, 4)
Batting: RHB Salvador Correa 0-0: Ball
1-0: Fly out, F7 (Flyball, 7M)
Batting: LHB Miguel Colón 0-0: Called Strike
0-1: Foul Ball, location: 2F
0-2: Foul Ball, location: 2F
0-2: Strikes out swinging
Bottom of the 4th over - 0 run(s), 1 hit(s), 0 error(s), 2 left on base; Springfield 1 - Reading 0
TOP OF THE 5TH
Springfield Simpsons batting - Pitching for Reading Rainbows : LHP Tomás López
Batting: RHB António López 0-0: Ball
1-0: Fly out, F5 (Line Drive, 56)
Batting: RHB Tomás Galindo 0-0: Called Strike
0-1: Swinging Strike
0-2: Ball
1-2: SINGLE (Line Drive, 78S)
Batting: RHB Ángel Garza 0-0: Ball
1-0: Ball
2-0: Called Strike
2-1: Foul Ball, location: 2F
2-2: Fly out, F7 (Line Drive, 7LD)
Batting: RHB Brant Sherman 0-0: Ball
1-0: Called Strike
1-1: Ball
2-1: Ground out 4-3 (Groundball, 4)
Top of the 5th over - 0 run(s), 1 hit(s), 0 error(s), 1 left on base; Springfield 1 - Reading 0
BOTTOM OF THE 5TH
Reading Rainbows batting - Pitching for Springfield Simpsons : RHP Don Wiggins
Batting: LHB Richard Henry 0-0: Called Strike
0-1: Called Strike
0-2: Strikes out looking
Batting: LHB Shane Lynch 0-0: Ball
1-0: Called Strike
1-1: Ball
2-1: SINGLE (Line Drive, 6D)
Batting: LHB Wally Coker 0-0: Ball
Shane Lynch steals 2nd base
1-0: Ball
2-0: Ball
3-0: Called Strike
3-1: Ground out 5-3 (Groundball, 56)
Batting: LHB Alfonso Ruíz 0-0: Ball
1-0: Swinging Strike
1-1: Ball
2-1: Called Strike
2-2: Strikes out swinging
Bottom of the 5th over - 0 run(s), 1 hit(s), 0 error(s), 1 left on base; Springfield 1 - Reading 0
TOP OF THE 6TH
Springfield Simpsons batting - Pitching for Reading Rainbows : LHP Tomás López
Pitching: RHP Chris Lee
Batting: RHB Marcos Castillo 0-0: Ball
1-0: SINGLE (Groundball, 4D)
Batting: RHB Esteban Salas 0-0: Called Strike
0-1: Ball
1-1: Ball
2-1: Ball
3-1: Swinging Strike
3-2: Base on Balls
Marcos Castillo to second
Batting: RHB Manny Ramírez 0-0: Ball
1-0: Called Strike
1-1: Swinging Strike
1-2: Strikes out swinging
Batting: SHB Edgardo Osorio 0-0: Called Strike
0-1: Ball
1-1: Ball
2-1: SINGLE (Line Drive, 78S)
Marcos Castillo to third
Esteban Salas to second
Runner from 3rd tries for Home, SAFE, no throw or cutoff
Batting: RHB Jeff Lloyd 0-0: Called Strike
0-1: Called Strike
0-2: Ball
1-2: Strikes out looking
Batting: RHB António López 0-0: Fly out, F9 (Flyball, 89M)
Top of the 6th over - 1 run(s), 2 hit(s), 0 error(s), 2 left on base; Springfield 2 - Reading 0
BOTTOM OF THE 6TH
Reading Rainbows batting - Pitching for Springfield Simpsons : RHP Don Wiggins
Batting: RHB Wyatt McKinnon 0-0: Called Strike
0-1: Ball
1-1: Ball
2-1: Foul Ball, location: 2F
2-2: Fly out, F9 (Flyball, 9M)
Batting: LHB Eduardo Rodríguez 0-0: Ball
1-0: Called Strike
1-1: Ball
2-1: Foul Ball, location: 2F
2-2: Foul Ball, location: 2F
2-2: Ball
3-2: SINGLE (Flyball, 3D)
Batting: LHB Mason Mabbett 0-0: Called Strike
0-1: Ball
1-1: Ball
2-1: Ball
3-1: Foul Ball, location: 2F
3-2: SINGLE (Line Drive, 6M)
Eduardo Rodríguez to second
Batting: RHB Salvador Correa 0-0: Called Strike
0-1: SINGLE (Line Drive, 56)
Eduardo Rodríguez to third
Mason Mabbett to second
Batting: LHB Miguel Colón 0-0: Ball
1-0: Fly out, F7 (Flyball, 78D)
Runner from 3rd tags up, SCORES, no throw
Batting: LHB Richard Henry 0-0: Ground out 3-1 (Groundball, 34S)
Bottom of the 6th over - 1 run(s), 3 hit(s), 0 error(s), 2 left on base; Springfield 2 - Reading 1
TOP OF THE 7TH
Springfield Simpsons batting - Pitching for Reading Rainbows : RHP Chris Lee
Batting: RHB Tomás Galindo 0-0: Ball
1-0: Ball
2-0: SINGLE (Line Drive, 7LM)
Batting: RHB Ángel Garza 0-0: Ball
1-0: Fly out, F9 (Flyball, 9LM)
Batting: RHB Brant Sherman 0-0: Called Strike
0-1: Ball
1-1: Called Strike
1-2: Foul Ball, location: 2F
1-2: Ball
Tomás Galindo is caught stealing 2nd base
2-2: Fly out, F6 (Popup, 8LS)
Top of the 7th over - 0 run(s), 1 hit(s), 0 error(s), 0 left on base; Springfield 2 - Reading 1
BOTTOM OF THE 7TH
Reading Rainbows batting - Pitching for Springfield Simpsons : RHP Don Wiggins
Batting: LHB Shane Lynch 0-0: Ball
1-0: DOUBLE (Flyball, 89XD)
Batting: LHB Wally Coker 0-0: Ground out 1-3 (Groundball, 25)
Batting: LHB Alfonso Ruíz 0-0: Called Strike
0-1: Ball
1-1: 2-RUN HOME RUN (Flyball, 9D), Distance : 385 ft
Batting: RHB Wyatt McKinnon 0-0: Called Strike
0-1: Ball
1-1: Called Strike
1-2: Foul Ball, location: 2F
1-2: Ground out U3 (Groundball, 3S)
Batting: LHB Eduardo Rodríguez 0-0: Ball
1-0: Foul Ball, location: 2F
1-1: Swinging Strike
1-2: Ball
2-2: Strikes out looking
Bottom of the 7th over - 2 run(s), 2 hit(s), 0 error(s), 0 left on base; Springfield 2 - Reading 3
TOP OF THE 8TH
Springfield Simpsons batting - Pitching for Reading Rainbows : RHP Chris Lee
Pitching: LHP Robby Hall
Now at C: Louis Smith
Now at 2B: Kyle Hollingsworth
Batting: RHB Marcos Castillo 0-0: Ball
1-0: Ground out 5-3 (Groundball, 56S)
Batting: RHB Esteban Salas 0-0: Swinging Strike
0-1: Ball
1-1: Foul Ball, location: 2F
1-2: Strikes out swinging
Batting: RHB Manny Ramírez 0-0: DOUBLE (Flyball, 7D)
Pinch Hitting: SHB Dave Lee 0-0: Called Strike
0-1: Foul Ball, location: 2F
0-2: Strikes out swinging
Top of the 8th over - 0 run(s), 1 hit(s), 0 error(s), 1 left on base; Springfield 2 - Reading 3
BOTTOM OF THE 8TH
Reading Rainbows batting - Pitching for Springfield Simpsons : RHP Don Wiggins
Pitching: RHP Ryan Klein
Now in LF: José Cruz
Batting: LHB Mason Mabbett 0-0: Ball
1-0: Ball
2-0: Called Strike
2-1: SINGLE (Line Drive, 9S)
Pinch Hitting: RHB Dan Banks 0-0: Ball
1-0: Ball
2-0: Fly out, F9 (Line Drive, 89M)
Batting: LHB Miguel Colón 0-0: Ball
1-0: Fielders Choice at 2nd, 6-4 (Groundball, 6M)
Batting: LHB Richard Henry 0-0: Ball
1-0: Foul Ball, location: 2F
1-1: Called Strike
1-2: Foul Ball, location: 2F
1-2: Strikes out swinging
Bottom of the 8th over - 0 run(s), 1 hit(s), 0 error(s), 1 left on base; Springfield 2 - Reading 3
TOP OF THE 9TH
Springfield Simpsons batting - Pitching for Reading Rainbows : LHP Robby Hall
Pitching: LHP Jason Nichols
Now at 1B: José Rivera
Now at SS: Jerome Brewer
Batting: RHB Jeff Lloyd 0-0: Ball
1-0: Called Strike
1-1: Swinging Strike
1-2: Ball
2-2: SINGLE (Groundball, 5L)
Pinch Runner at 1st Bob Noble:
Batting: RHB António López 0-0: Ground out 5-3 (Groundball, 5S)
Bob Noble to second
Batting: RHB Tomás Galindo 0-0: Swinging Strike
0-1: Called Strike
0-2: Strikes out swinging
Batting: RHB Ángel Garza 0-0: Foul Ball, location: 2F
0-1: Ball
1-1: Fly out, F8 (Flyball, 8LS)
Top of the 9th over - 0 run(s), 1 hit(s), 0 error(s), 1 left on base; Springfield 2 - Reading 3
This league is powered by Out of the Park Baseball, the baseball management simulation game for PC, Mac and Linux
Tuesday, August 2nd, 2016 - OOTP Baseball 16.8 Build 38